 Dungeon Crawl Stone Soup version 0.23-a0-808-gd21de94 (webtiles) character file.

28 tidbits the Skirmisher (level 3, 35/35 HPs)
             Began as a Gnoll Wanderer on Jan 20, 2019.
             Quit the game on level 1 of the Dungeon.
             The game lasted 00:04:47 (573 turns).

tidbits the Skirmisher (Gnoll Wanderer)              Turns: 573, Time: 00:04:48

Health: 35/35      AC:  4    Str: 14    XL:     3   Next: 12%
Magic:  7/7        EV: 12    Int: 15    God:
Gold:   50         SH:  0    Dex: 14    Spells: 7/7 levels left

rFire    . . .     SeeInvis .   b - +0 spear
rCold    . . .     Gourm    .   (no shield)
rNeg     . . .     Faith    .   B - +0 leather armour
rPois    .         Spirit   .   (no helmet)
rElec    .         Reflect  .   (no cloak)
rCorr    .         Harm     .   G - +0 pair of gloves
MR       .....                  (no boots)
Stlth    ++........             (no amulet)
HPRegen  0.11/turn              (no ring)
MPRegen  0.10/turn              (no ring)

@: no status effects
A: distributed training, fangs 1, strong nose
a: no special abilities


You were on level 1 of the Dungeon.
You were not hungry.

You visited 1 branch of the dungeon, and saw 1 of its levels.

You collected 50 gold pieces.

Inventory:

Hand Weapons
 a - a +0 hunting sling
 b - a +0 spear (weapon)
Missiles
 c - 3 throwing nets (quivered) {!f}
 h - 23 arrows
Armour
 B - a +0 leather armour (worn)
 G - a +0 pair of gloves (worn)
Scrolls
 d - a scroll of identify {unknown}
 e - 2 scrolls of immolation {unknown}
 g - a scroll of magic mapping {unknown}
 t - 2 scrolls of teleportation
Potions
 i - a potion of degeneration {unknown}
Comestibles
 f - 4 rations


   Skills:
 + Level 6.5 Fighting
 + Level 0.6 Short Blades
 + Level 0.6 Long Blades
 + Level 0.6 Axes
 + Level 0.6 Maces & Flails
 + Level 0.6 Polearms
 + Level 0.6 Staves
 + Level 0.6 Slings
 + Level 0.6 Bows
 + Level 0.6 Crossbows
 + Level 0.6 Throwing
 + Level 0.6 Armour
 + Level 2.5 Dodging
 + Level 2.3 Stealth
 + Level 2.5 Shields
 + Level 0.6 Unarmed Combat
 + Level 2.8 Spellcasting
 + Level 0.4 Conjurations
 + Level 0.4 Hexes
 + Level 0.4 Charms
 + Level 0.4 Summonings
 + Level 0.4 Necromancy
 + Level 0.4 Translocations
 + Level 2.1 Transmutations
 + Level 0.4 Fire Magic
 + Level 2.1 Ice Magic
 + Level 0.4 Air Magic
 + Level 0.4 Earth Magic
 + Level 0.4 Poison Magic
 + Level 0.8 Invocations
 + Level 2.5 Evocations


You had 7 spell levels left.
You didn't know any spells.
Your spell library was empty.

Dungeon Overview and Level Annotations

Branches:
Dungeon (1/15)

Altars:


Innate Abilities, Weirdness & Mutations

Your experience applies equally to all skills.
You have very sharp teeth.
Your uncanny sense of smell can sniff out nearby items.


Message History

You see here 23 arrows.
h - 23 arrows Unknown command.
Unknown command.
Unknown command.
Unknown command.
Unknown command.
Unknown command.
Unknown command.
You see here a leather armour.
HP restored.
Found a murky white potion.
Unknown command.
You see here a murky white potion.
i - a murky white potion A hobgoblin comes into view.
Attack whom?
Press: ? - help, Dir - move target cursor, f - hobgoblin
Aim: a hobgoblin (resting)
You reach to attack!
The helpless hobgoblin fails to defend itself.
You hit the hobgoblin but do no damage. You hit the hobgoblin but do no damage.
The hobgoblin hits you.
You hit the hobgoblin but do no damage. The hobgoblin hits you.
The hobgoblin hits you but does no damage.
You hit the hobgoblin.
The hobgoblin is heavily wounded.
The hobgoblin barely misses you.
You closely miss the hobgoblin.
The hobgoblin is heavily wounded.
The hobgoblin barely misses you.
You barely miss the hobgoblin. You bite the hobgoblin.
The hobgoblin is severely wounded.
The hobgoblin barely misses you.
You closely miss the hobgoblin.
The hobgoblin is severely wounded.
The hobgoblin closely misses you.
You closely miss the hobgoblin.
The hobgoblin is severely wounded.
The hobgoblin closely misses you.
You closely miss the hobgoblin.
The hobgoblin is severely wounded.
The hobgoblin hits you.
You hit the hobgoblin.
You kill the hobgoblin!
You have reached level 3!
Your experience leads to an increase in your attributes!
Increase (S)trength, (I)ntelligence, or (D)exterity?
You feel clever.
Your library has no spells.
Unknown command.
A dart slug comes into view.
Attack whom?
Press: ? - help, Dir - move target cursor, f - dart slug
Aim: a dart slug (clinging, resting)
You reach to attack!
The helpless dart slug fails to defend itself.
You hit the dart slug.
The dart slug is lightly wounded.
The dart slug launches a dart at you. The slug dart hits you!
Attack whom?
Press: ? - help, Dir - move target cursor, f/p - dart slug
Aim: a dart slug (lightly wounded, clinging)
You reach to attack!
You hit the dart slug.
The dart slug is severely wounded.
You hit the dart slug but do no damage.
The dart slug is severely wounded.
The dart slug barely misses you.
You hit the dart slug.
The dart slug is severely wounded.
The dart slug closely misses you.
You hit the dart slug.
The dart slug is almost dead.
You hit the dart slug but do no damage.
The dart slug is almost dead.
The dart slug bites you but does no damage.
You hit the dart slug but do no damage.
The dart slug is almost dead.
The dart slug bites you.
You hit the dart slug.
You kill the dart slug!
A hobgoblin comes into view. It is wielding a +0 club.
The hobgoblin shouts!
Attack whom?
Press: ? - help, Dir - move target cursor, f - hobgoblin
Aim: a hobgoblin, wielding a +0 club You reach to attack!
You hit the hobgoblin.
The hobgoblin is heavily wounded.
The hobgoblin barely misses you.
You hit the hobgoblin but do no damage.
The hobgoblin is heavily wounded.
The hobgoblin barely misses you.
You hit the hobgoblin.
You kill the hobgoblin!
You see here a +0 club.
You see here a whip.
As you open the door, it creaks loudly!
There is an open door here.
Are you sure you want to abandon this character and quit the game? (Confirm with "yes".)

# #(≈.§§§.≈.≈. ###
#.≈...≈<§.≈. ..############
##.≈...≈≈≈§≈.
#............#
#..≈.......§.
.###########.#
#..§...§.§.#. ..# #.#
##..≈≈§≈≈≈≈... .## ##.#####
#.#.........#. ## #......#
##.###..##.### # #..###@#
##.#.####.# # #..###.#
#..#####.# ## #...##.#
#........# .## #.#.##.#
##.####### ..## ###......#
###.### ...##
##.###.#######.....#
....####..............###.#
....'.....##########..# ...
....####...........#..# ###


There were no monsters in sight!

Vanquished Creatures
  2 dart slugs (D:1)
  A ball python (D:1)
  2 bats (D:1)
  2 goblins (D:1)
  7 hobgoblins (D:1)
  3 frilled lizards (D:1)
  2 kobolds (D:1)
  4 rats (D:1)
23 creatures vanquished.

Notes
Turn   | Place    | Note
-------+----------+-------------------------------------------
     0 | D:1      | tidbits the Gnoll Wanderer began the quest for the Orb.
     0 | D:1      | tidbits set off with the following items: a +0 leather
                  | armour, 2 throwing nets {!f}, a +0 spear, a scroll of
                  | teleportation, a ration
     0 | D:1      | Reached XP level 1. HP: 23/23 MP: 4/4
   141 | D:1      | Reached skill level 2 in Transmutations
   141 | D:1      | Reached skill level 2 in Ice Magic
   166 | D:1      | Reached XP level 2. HP: 28/29 MP: 5/5
   454 | D:1      | Reached XP level 3. HP: 30/35 MP: 7/7
   573 | D:1      | Quit the game

Vault maps used:
D:1:      ebering_trefoil_twist, minivault_5

Skill      XL: |  1 |
---------------+----+-----
Transmutations | 2 |  2.1
Ice Magic      | 2 |  2.1
Fighting       | |  6.5
Short Blades   | |  0.6
Long Blades    | |  0.6
Axes           | |  0.6
Maces & Flails | |  0.6
Polearms       | |  0.6
Staves         | |  0.6
Slings         | |  0.6
Bows           | |  0.6
Crossbows      | |  0.6
Throwing       | |  0.6
Armour         | |  0.6
Dodging        | |  2.5
Stealth        | |  2.3
Shields        | |  2.5
Unarmed Combat | |  0.6
Spellcasting   | |  2.8
Conjurations   | |  0.4
Hexes          | |  0.4
Charms         | |  0.4
Summonings     | |  0.4
Necromancy     | |  0.4
Translocations | |  0.4
Fire Magic     | |  0.4
Air Magic      | |  0.4
Earth Magic    | |  0.4
Poison Magic   | |  0.4
Invocations    | |  0.8
Evocations     | |  2.5

Action                   || total
-------------------------++-------
Melee: Spear             ||    87
       Bite              ||     5
 Stab: Sleeping          ||     7
Armor: Leather armour    ||    22
Dodge: Dodged            ||    33

Table legend:
 A = Non-vault XP
 B = Vault XP
 C = Vault XP percentage of total XP
 D = Non-vault monster count
 E = Vault monster count
 F = Vault count percentage of total count
                 A         B        C        D         E       F
            +---------+---------+-------+---------+---------+-------
      Total |      40 |       0 |   0.0 |      23 |       0 |   0.0
            +---------+---------+-------+---------+---------+-------
        D:1 |      40 |       0 |   0.0 |      23 |       0 |   0.0
            +---------+---------+-------+---------+---------+-------

Table legend:
 A = Turns spent in this place as a percentage of turns spent in the entire game.
 B = Non-inter-level travel turns spent in this place as a percentage of non-inter-level travel turns spent in the entire game.
 C = Inter-level travel turns spent in this place as a percentage of turns spent in this place.
 D = Turns resting spent in this place as a percentage of non-inter-level travel turns spent in this place.
 E = Turns spent auto-exploring this place as a percentage of non-inter-level travel turns spent in this place.
 F = Non-inter-level travel turns spent in this place divided by the number of levels of this place that you've seen.
                   A       B       C       D       E      F
               +-------+-------+-------+-------+-------+----------------------
         Total | 100.0 | 100.0 |  14.5 |   0.0 |   0.0 | 490.0
       Dungeon | 100.0 | 100.0 |  14.5 |   0.0 |   0.0 | 490.0
               +-------+-------+-------+-------+-------+----------------------

Table legend:
 A = Kills in this place as a percentage of kills in entire the game.
 B = Kills by you in this place as a percentage of kills by you in the entire game.
 C = Kills by friends in this place as a percentage of kills by friends in the entire game.
 D = Other kills in this place as a percentage of other kills in the entire game.
 E = Experience gained in this place as a percentage of experience gained in the entire game.
 F = Experience gained in this place divided by the number of levels of this place that you have seen.
                   A       B       C       D       E      F
               +-------+-------+-------+-------+-------+----------------------
         Total | 100.0 | 100.0 |   N/A |   N/A | 100.0 |  40.0
       Dungeon | 100.0 | 100.0 |   N/A |   N/A | 100.0 |  40.0
               +-------+-------+-------+-------+-------+----------------------

Vault maps used:
D:1:      ebering_trefoil_twist, minivault_5
